 Dungeon Crawl Stone Soup version 0.28.0-45-g0d030f2227 (webtiles) character file.

Game seed: 7889613490148645462

8264 pkoi the Frost Mage (level 10, -11/82 HPs)
             Began as a Demigod Ice Elementalist on Apr 23, 2022.
             Mangled by a two-headed ogre
             ... wielding a +0 giant spiked club
              (16 damage)
             ... on level 11 of the Dungeon on Apr 24, 2022.
             The game lasted 00:30:52 (18497 turns).

pkoi the Frost Mage (Demigod Ice Elementalist)     Turns: 18497, Time: 00:30:52

Health: -11/82     AC: 10    Str:  9    XL:     10   Next: 80%
Magic:  8/19       EV: 17    Int: 29    God:
Gold:   670        SH:  5    Dex: 14    Spells: 4/17 levels left

rFire   + . .      SeeInvis .   m - staff of cold
rCold   + . .      Faith    .   (no shield)
rNeg    + . .      Spirit   .   H - +2 robe {rN+}
rPois   .          Reflect  +   A - +2 helmet
rElec   .          Harm     .   q - +1 cloak
rCorr   .          Rampage  .   (no gloves)
Will    +....                   D - +0 pair of boots
Stlth   ++........              y - amulet of reflection
HPRegen 0.23/turn               p - +4 ring of evasion
MPRegen 0.16/turn               j - ring of protection from fire

@: freezing walls
A: high MP 1, forlorn, divine attributes
a: no special abilities


You were on level 11 of the Dungeon.
You visited 1 branch of the dungeon, and saw 11 of its levels.

You collected 703 gold pieces.
You spent 33 gold pieces at shops.

Inventory:

Hand Weapons
 d - a +0 club
 e - a +0 whip
 f - a +1 dagger
 v - a +2 whip of venom
Missiles
 g - 10 poisoned darts
 K - 6 curare-tipped darts
 M - a throwing net
Armour
 q - a +1 cloak (worn)
 A - a +2 helmet (worn)
 D - a +0 pair of boots (worn)
 H - a +2 robe of positive energy (worn)
Magical Staves
 m - a staff of cold (weapon)
Jewellery
 b - a ring of protection from fire
 j - a ring of protection from fire (right hand)
 p - a +4 ring of evasion (left hand)
 y - an amulet of reflection (around neck)
Wands
 n - a wand of paralysis (3)
 w - a wand of iceblast (9)
 G - a wand of digging (4)
 L - a wand of acid (10)
Scrolls
 a - a scroll of magic mapping {unknown}
 h - 3 scrolls of enchant armour
 i - a scroll of silence
 k - 4 scrolls of enchant weapon
 o - 2 scrolls of vulnerability
 u - 2 scrolls of amnesia
 E - 3 scrolls of teleportation
 F - a scroll of fog
Potions
 c - a potion of berserk rage
 l - 2 potions of might
 r - 3 potions of flight {unknown}
 s - a potion of brilliance
 t - a potion of ambrosia
 x - 4 potions of cancellation
 z - 2 potions of magic {unknown}
 B - 7 potions of curing
 C - 3 potions of lignification {unknown}
 I - a potion of haste
 J - a potion of attraction
 N - 2 potions of degeneration {unknown}


   Skills:
 + Level 5.6 Fighting
 - Level 3.0 Dodging
 - Level 1.7 Stealth
 - Level 4.0 Spellcasting
 + Level 8.2 Conjurations
 + Level 7.9 Hexes
 + Level 8.5 Ice Magic
 - Level 2.0 Evocations


You had 4 spell levels left.
You knew the following spells:

 Your Spells              Type           Power      Damage    Failure   Level
a - Magic Dart            Conj           100%       1d8       1%          1
b - Frozen Ramparts       Ice            100%       1d12      1%          3
c - Freeze                Ice            100%       1d11      1%          1
d - Fulminant Prism       Conj/Hex       25%        3d14      2%          4
e - Hailstorm             Conj/Ice       69%        3d14      2%          4

Your spell library contained the following spells:

 Spells                   Type           Power      Damage    Failure   Level
 Ensorcelled Hibernation  Hex/Ice        100%       N/A       1%          2
 Searing Ray              Conj           100%       2d8       1%          2
 Ozocubu's Armour         Ice            70%        N/A       1%          3
 Animate Skeleton         Necr           10%        N/A       7%          1
 Pain                     Necr           20%        1d5       7%          1
 Passwall                 Tmut/Erth      4%         N/A       11%         2
 Swiftness                Air            5%         N/A       21%         3
 Vampiric Draining        Necr           5%         2d6       21%         3


Dungeon Overview and Level Annotations

Branches:
Dungeon (11/15)            Temple (0/1) D:7             Orc (0/2) D:9
   Lair: D:8-11

Shops:
D:1 :   D:4 :   D:7 !   D:10 :


Innate Abilities, Weirdness & Mutations

You have an increased reservoir of magic. (+10% MP)
You shall have no god before yourself.
Your divine heritage dramatically boosts your attributes as you level up.


Message History

The magic dart hits the two-headed ogre!
The two-headed ogre is moderately wounded.
The wall freezes the two-headed ogre!
The two-headed ogre hits you with a +0 giant spiked club!
* * * LOW HITPOINT WARNING * * *
The two-headed ogre completely misses you.
You are too injured to fight recklessly!
Unknown command.
Aiming: Magic Dart (safe; 1% risk of failure)
Press: ? - help, Q - select action, (/) - cycle Shift-Dir - straight line, f/p - two-headed ogre
Aim: a two-headed ogre, wielding a +0 giant spiked club and a +0 giant club (heavily wounded, 100% to hit)
The magic dart hits the two-headed ogre but does no damage.
The two-headed ogre is heavily wounded.
Aiming: Magic Dart (safe; 1% risk of failure)
Press: ? - help, Q - select action, (/) - cycle Shift-Dir - straight line, f/p - two-headed ogre
Aim: a two-headed ogre, wielding a +0 giant spiked club and a +0 giant club (heavily wounded, 100% to hit)
The magic dart hits the two-headed ogre.
The two-headed ogre is heavily wounded.
The wall freezes the two-headed ogre!
You block the two-headed ogre's attack.
The two-headed ogre hits you with a +0 giant club!!
* * * LOW HITPOINT WARNING * * *
Aiming: Magic Dart (safe; 1% risk of failure)
Press: ? - help, Q - select action, (/) - cycle Shift-Dir - straight line, f/p - two-headed ogre
Aim: a two-headed ogre, wielding a +0 giant spiked club and a +0 giant club (almost dead, 100% to hit)
The magic dart hits the two-headed ogre.
The two-headed ogre is almost dead.
The wall freezes the two-headed ogre.
The two-headed ogre hits you with a +0 giant spiked club!!
* * * LOW HITPOINT WARNING * * *
You block the two-headed ogre's attack.
Aiming: Magic Dart (safe; 1% risk of failure)
Press: ? - help, Q - select action, (/) - cycle Shift-Dir - straight line, f/p - two-headed ogre
Aim: a two-headed ogre, wielding a +0 giant spiked club and a +0 giant club (almost dead, 100% to hit)
The magic dart hits the two-headed ogre but does no damage.
The two-headed ogre is almost dead.
The wall freezes the two-headed ogre.
The two-headed ogre hits you with a +0 giant spiked club!
* * * LOW HITPOINT WARNING * * *
The two-headed ogre hits you with a +0 giant club!
You die...

.......................># #..
#####....................# #.†
#...#....................# #..
#...####'###.............######..
#..........#.....................
...........+.....................
...........########..............
...........<......+..............
..........######@.###............
..........# #O...#.....######.
..........# #....#.....# #.
..........# #....#.....# #.
..........# #....#.....# ##
............ .....#.....#
...........# ###..# .....# ..#
.....


You could see a two-headed ogre.

Vanquished Creatures
  Erica (D:8)
  A two-headed ogre (D:10)
  Grinder (D:6)
  Sigmund (D:3)
  2 shadows (D:10)
  3 wraiths (D:9)
  13 yaks
  2 wyverns
  3 vampire mosquitoes (D:11)
  2 steam dragons
  The ghost of hawla the Conjurer, an amateur DrCj (D:4)
  An acid dragon (D:10)
  Duvessa (D:6)
  A water moccasin (D:8)
  2 sky beasts
  A hornet zombie (D:8)
  An ice beast (D:3)
  The ghost of attentat the Chopper, an amateur HOFi (D:3)
  3 necrophages
  2 centaurs
  A kobold brigand (D:4)
  A gnoll sergeant (D:9)
  2 bullfrogs
  A scorpion (D:5)
  A water moccasin zombie (D:3)
  Dowan (D:6)
  A water moccasin skeleton (D:6)
  A wyvern skeleton (D:7)
  4 wights (D:9)
  A howler monkey (D:4)
  3 centaur zombies
  2 hounds (D:4)
  A jelly (D:7)
  3 bullfrog skeletons
  A centaur skeleton (D:7)
  3 orc priests
  An iguana (D:5)
  Ijyb (D:3)
  7 orc wizards
  A howler monkey zombie (D:5)
  4 gnolls
  5 adders
  2 white imps
  An ufetubus (D:5)
  2 adder skeletons (D:4)
  A worm (D:10)
  2 dart slugs
  29 orcs
  5 ball pythons
  3 endoplasms
  6 giant cockroaches
  14 goblins
  10 hobgoblins
  6 quokkas
  8 bats
  2 frilled lizards
  14 kobolds
  5 rats
199 creatures vanquished.

Vanquished Creatures (collateral kills)
  A water moccasin skeleton (D:5)
  A white imp (D:5)
2 creatures vanquished.

Vanquished Creatures (others)
  30 fulminant prisms
  4 fungi (D:4)
  2 plants
36 creatures vanquished.

Grand Total: 237 creatures vanquished

Notes
Turn   | Place    | Note
-------+----------+-------------------------------------------
     0 | D:1      | pkoi the Demigod Ice Elementalist began the quest for the
                  | Orb.
     0 | D:1      | Reached XP level 1. HP: 14/14 MP: 5/5
   936 | D:1      | Found Huly's Book Emporium.
  1090 | D:1      | Reached XP level 2. HP: 20/20 MP: 7/7
  2659 | D:2      | Reached XP level 3. HP: 26/26 MP: 6/8
  2854 | D:2      | Reached skill level 5 in Ice Magic
  3340 | D:2      | Learned a level 3 spell: Frozen Ramparts
  4038 | D:3      | You fall into a shaft and drop 2 floors!
  4038 | D:5      | Entered Level 5 of the Dungeon
  4093 | D:5      | Reached XP level 4. HP: 31/33 MP: 5/9
  4165 | D:5      | Reached XP level 5. HP: 31/38 MP: 5/10
  4933 | D:4      | Found a runed translucent gate.
  4933 | D:4      | Found a runed translucent gate.
  4933 | D:4      | Found a runed translucent gate.
  4936 | D:4      | Noticed hawla's ghost (amateur DrCj)
  4989 | D:4      | Noticed a necrophage
  5023 | D:4      | Killed a necrophage
  5024 | D:4      | Reached skill level 1 in Fighting
  5024 | D:4      | Reached skill level 1 in Evocations
  5024 | D:4      | Reached XP level 6. HP: 39/47 MP: 8/12
  5114 | D:4      | Learned a level 1 spell: Magic Dart
  5373 | D:4      | Reached skill level 1 in Conjurations
  6058 | D:4      | Learned a level 4 spell: Fulminant Prism
  6391 | D:3      | Noticed Sigmund
  6409 | D:3      | Killed Sigmund
  6410 | D:3      | Reached XP level 7. HP: 52/55 MP: 5/14
  6890 | D:3      | Found a runed translucent gate.
  6891 | D:3      | Found a runed translucent gate.
  7293 | D:3      | Noticed Ijyb
  7298 | D:3      | Paralysed by Ijyb for 5 turns
  7302 | D:3      | Killed Ijyb
  7303 | D:3      | Reached skill level 1 in Hexes
  8188 | D:3      | Found a runed translucent gate.
  8192 | D:3      | Noticed attentat's ghost (amateur HOFi)
  8470 | D:4      | Found Caud's Book Shoppe.
  8878 | D:5      | Identified the +1 ring mail of the Hurricane {rF+}
  9081 | D:6      | Noticed a steam dragon
  9096 | D:6      | Killed a steam dragon
  9844 | D:6      | Reached XP level 8. HP: 53/61 MP: 6/15
  9982 | D:6      | Noticed Duvessa
  9982 | D:6      | Noticed Dowan
  9989 | D:6      | Killed Duvessa
  9990 | D:6      | Killed Dowan
 10157 | D:6      | Learned a level 4 spell: Hailstorm
 10160 | D:6      | Noticed Grinder
 10167 | D:6      | Paralysed by Grinder for 2 turns
 10172 | D:6      | Killed Grinder
 10545 | D:6      | Reached skill level 5 in Conjurations
 10547 | D:6      | Reached skill level 5 in Hexes
 10859 | D:7      | Reached XP level 9. HP: 59/67 MP: 9/16
 11333 | D:7      | Found a staircase to the Ecumenical Temple.
 11511 | D:7      | Found Pumoecwu's Distillery.
 11514 | D:7      | Bought a potion of curing for 33 gold pieces
 11618 | D:8      | Noticed Erica
 11626 | D:8      | Killed Erica
 13102 | D:3      | Killed attentat's ghost
 13576 | D:4      | Killed hawla's ghost
 14119 | D:9      | Reached XP level 10. HP: 79/79 MP: 6/18
 15007 | D:9      | Found a staircase to the Orcish Mines.
 15872 | D:10     | Entered Level 10 of the Dungeon
 16172 | D:10     | Noticed a two-headed ogre
 16173 | D:10     | Noticed a boulder beetle
 16269 | D:10     | Killed a two-headed ogre
 16270 | D:10     | Reached skill level 5 in Fighting
 17464 | D:10     | Found Daukhour's Book Emporium.
 18487 | D:11     | Noticed a two-headed ogre
 18497 | D:11     | Mangled by a two-headed ogre

Illustrated notes

Levels and vault maps discovered:
D:1:      kilobyte_arrival_exit_the_forest, layout_loops_corners, serial_shops,
          nicolae_shop_stone
D:2:      layout_basic, hellmonk_ecumenical_altar_zigzags
D:3:      layout_basic, gammafunk_temple_overflow_forgotten,
          gammafunk_ghost_necromancy, minmay_misc_feat_five, uniq_sigmund,
          uniq_ijyb
D:4:      kb_forest_paths, layout_rooms, serial_shops, nicolae_take_the_stairs,
          gammafunk_ghost_nasty_kobolds, abandoned_shop
D:5:      layout_rooms, okawaru_altar_gauntlet_db
D:6:      layout_loops_ring, nicolae_wu_jian_glorious_leap,
          brannock_xom_greatest_gift, uniq_duvessa, uniq_grinder
D:7:      layout_cave_pools, minmay_temple_entry_fiery, serial_shops,
          nicolae_shop_behind_doors, corexii_leaking_fountain
D:8:      layout_gridville, uniq_erica
D:9:      layout_long_grid, mainiacjoe_overflow_small_starburst, david_orc_2
D:10:     layout_loops_cross, cheibrodos_worm_habitat, serial_shops,
          nicolae_stop_n_shop_2, small_chamber_with_monster
D:11:     layout_irregular_city, lair_entry_dummy, corexii_corridor_pit

Skill      XL: |  1  2  3  4  5  6  7  8  9 10 |
---------------+-------------------------------+-----
Ice Magic      | 4 5 6 7 8 |  8.5
Dodging        | 2 3 |  3.0
Spellcasting   | 2 3 4 |  4.0
Fighting       | 1 2 4 5 |  5.6
Evocations     | 1 2 |  2.0
Conjurations   | 2 3 6 7 8 |  8.2
Hexes          | 3 5 6 7 |  7.9
Stealth        | |  1.7

Action                   |  1- 3 |  4- 6 |  7- 9 | 10-12 || total
-------------------------+-------+-------+-------+-------++-------
Melee: Whip              |    26 |       |       |       ||    26
       Punch             |     1 |     1 |     1 |       ||     3
       Staff             |     5 |    59 |    57 |    36 ||   157
 Cast: Freeze            |    56 |     7 |     2 |     1 ||    66
       Frozen Ramparts   |     2 |     8 |    14 |    20 ||    44
       Magic Dart        |       |    68 |   210 |   123 ||   401
       Hailstorm         |       |       |     2 |       ||     2
       Fulminant Prism   |       |       |    20 |    10 ||    30
Evoke: Wand              |       |       |     2 |       ||     2
  Use: Potion            |     1 |       |       |     1 ||     2
       Scroll            |       |     4 |     8 |     4 ||    16
 Stab: Sleeping          |     1 |       |       |       ||     1
       Paralysed         |       |       |    11 |       ||    11
Armor: Robe              |    11 |    14 |    50 |    39 ||   114
Dodge: Dodged            |    48 |    83 |    74 |    92 ||   297
Block: Other             |       |     3 |    27 |    28 ||    58
       Reflection        |       |       |     1 |       ||     1
